Map: Colline di Doraelus

Players

MrKisscool - Winner!

  • Race: Zerg Zerg
  • League: Platinum

Typhoon - Winner!

  • Race: Zerg Zerg

TonTon - Winner!

  • Race: Terran Terran

Mørtebianca

  • Race: Zerg Zerg
  • League: Diamond

Space

  • Race: Terran Terran
  • League: Diamond

Jhyrachy

  • Race: Zerg Zerg
  • League: Silver

VOD

Have the link to the VOD?

Description

Time

  • Played on: Dec. 9, 2015, 4:17 p.m.
  • Length: 11:06
Show
View Real Time Build Order
Export as new Build Order

MrKisscool Zerg - Winner!

Build Orders: Hatch First 

Get SALT Encoding   

  12  0:01  Drone  
  13  0:09  Drone  
  14  0:17  Overlord  
  14  0:26  Extractor  
  14  0:27  Drone  
  16  0:35  Drone  
  16  0:36  Drone  
  17  0:46  Drone  
  18  0:56  Drone  
  19  1:05  Extractor  
  19  1:06  Hatchery  
  17  1:14  Spawning Pool  
  17  1:18  Drone  
  17  1:20  Drone  
  18  1:29  Drone  
  19  1:48  Drone  
  20  1:57  Overlord  
  20  2:02  Queen  
  20  2:04  Metabolic Boost  
  22  2:19  Queen  
  24  2:36  Baneling Nest  
  23  2:37  Zergling x2  
  23  2:38  Zergling x8  
  28  3:03  Drone  
  28  3:04  Drone x4  
  33  3:18  Lair  
  33  3:22  Baneling x2  
  33  3:25  Hatchery  
  32  3:35  Overlord  
  32  3:36  Zergling x2  
  32  3:37  Zergling x6  
  36  3:51  Baneling x3  
  36  3:54  Drone x6  
  38  4:16  Zergling x2  
  38  4:23  Drone x4  
  38  4:24  Drone x2  
  42  4:28  Extractor  
  42  4:29  Extractor, Queen  
  40  4:43  Queen  
  42  4:53  Drone x5  
  46  5:10  Spire  
  46  5:12  Extractor  
  44  5:14  Zergling x2  
  44  5:15  Zergling x10  
  44  5:17  Overlord x2  
  50  5:22  Spine Crawler  
  49  5:33  Overseer  
  36  6:00  Drone  
  36  6:01  Drone x17  
  54  6:04  Extractor  
  54  6:06  Extractor  
  52  6:20  Evolution Chamber  
  52  6:22  Evolution Chamber  
  50  6:28  Zerg Flyer Weapons Level 1  
  50  6:47  Overlord x2  
  50  6:49  Drone x11  
  50  6:50  Drone x3  
  64  7:01  Baneling  
  64  7:02  Baneling x5  
  64  7:11  Zerg Ground Armor Level 1, Zerg Melee Weapons Level 1  
  64  7:13  Mutalisk  
  64  7:14  Mutalisk x3  
  72  7:17  Overlord x3  
  72  7:41  Mutalisk  
  72  7:42  Mutalisk x3  
  80  7:45  Hatchery  
  75  8:12  Mutalisk  
  75  8:13  Mutalisk x4  
  78  8:55  Zergling x2  
  78  8:56  Zergling x30  
  87  9:33  Zergling x6  
  87  9:34  Zergling x12  
  96  9:40  Hatchery  
  95  9:52  Hatchery  
  94  9:56  Infestation Pit  
  93  10:06  Mutalisk  
  93  10:07  Mutalisk x7  
  92  10:09  Overlord x3  
  92  10:10  Overlord  
  106  10:24  Baneling  
  106  10:25  Baneling x16  
  106  10:26  Baneling x13  
  103  10:38  Zergling x16  
  103  10:39  Zergling x6  
Show
View Real Time Build Order
Export as new Build Order

Typhoon Zerg - Winner!

Build Orders: Hatch First, Lurkers 

Get SALT Encoding   

  12  0:02  Drone  
  13  0:09  Drone  
  14  0:15  Extractor  
  14  0:16  Drone  
  15  0:23  Overlord  
  15  0:41  Drone  
  15  0:42  Drone  
  17  0:53  Drone  
  18  1:01  Drone  
  19  1:04  Extractor  
  19  1:06  Hatchery  
  17  1:18  Spawning Pool  
  17  1:24  Drone x2  
  18  1:44  Drone x2  
  20  1:53  Overlord  
  20  2:07  Lair  
  20  2:10  Extractor  
  20  2:11  Drone x2  
  21  2:21  Queen  
  23  2:28  Overlord  
  23  2:37  Drone  
  23  2:42  Zergling x4  
  26  2:49  Drone x2  
  28  3:12  Queen  
  30  3:23  Drone, Hydralisk Den  
  30  3:24  Drone x5  
  30  3:25  Extractor x2  
  33  3:53  Drone x2  
  33  3:54  Drone  
  33  3:55  Evolution Chamber x2  
  34  3:56  Muscular Augments  
  34  3:57  Drone x3  
  37  4:06  Overlord  
  37  4:23  Drone x6  
  37  4:24  Drone  
  44  4:27  Drone  
  43  4:45  Drone x4  
  48  4:46  Drone  
  48  4:49  Overlord  
  50  4:58  Hydralisk  
  50  4:59  Hydralisk  
  52  5:07  Hydralisk x4  
  52  5:11  Lurker Den  
  60  5:23  Overlord x2  
  60  5:40  Queen  
  60  5:42  Hydralisk x3  
  58  5:43  Hydralisk x3  
  68  5:51  Zerg Ground Armor Level 1, Zerg Missile Weapons Level 1  
  68  6:13  Hydralisk x2  
  68  6:14  Hydralisk x2  
  76  6:28  Overlord x4  
  76  6:57  Queen  
  78  7:02  Lurker x7  
  78  7:04  Lurker  
  78  7:05  Hydralisk x5  
  96  7:23  Drone x3  
  96  7:25  Overlord x2  
  96  7:28  Hydralisk x3  
  105  7:39  Spore Crawler, Hatchery  
  105  7:42  Extractor x2  
  101  8:16  Drone  
  102  8:21  Spore Crawler  
  102  8:22  Spore Crawler  
  98  8:49  Hydralisk x2  
  98  8:50  Hydralisk x7  
  98  8:53  Lurker x5  
  113  9:35  Hydralisk x8  
  126  10:05  Hydralisk x2  
  130  10:07  Overlord  
  130  10:08  Overlord x5  
  130  10:25  Queen  
Show
View Real Time Build Order
Export as new Build Order

TonTon Terran - Winner!

Build Orders: Hellion Opening, Mech 

Get SALT Encoding   

  12  0:01  SCV  
  13  0:13  SCV  
  14  0:18  Supply Depot  
  14  0:25  SCV  
  15  0:29  Refinery  
  15  0:39  SCV  
  16  0:46  Refinery  
  16  0:51  Barracks  
  16  0:55  SCV  
  17  1:08  SCV  
  18  1:20  SCV  
  19  1:32  SCV  
  20  1:40  Factory x2  
  20  1:49  Barracks Reactor  
  20  1:55  Orbital Command  
  20  2:05  Supply Depot  
  20  2:21  SCV  
  21  2:23  Factory Tech Lab  
  21  2:33  Hellion  
  21  2:34  Hellion  
  25  2:42  Infernal Pre-Igniter  
  27  2:44  Hellion  
  27  2:58  Hellion x2  
  30  3:06  Supply Depot  
  30  3:28  Hellion x3  
  30  3:30  Supply Depot  
  30  3:31  SCV  
  37  3:38  Marine  
  38  3:53  Hellion  
  38  3:54  Hellion  
  44  3:56  Marine, Hellion  
  41  4:15  Hellion x2  
  45  4:17  Hellion  
  43  4:36  Hellion  
  43  4:37  Hellion  
  47  4:38  Hellion  
  47  4:39  SCV  
  47  4:40  Marine  
  33  4:58  Marine, Hellion  
  38  5:03  Siege Tank  
  38  5:04  Widow Mine  
  41  5:07  SCV  
  42  5:15  Bunker  
  41  5:31  Widow Mine  
  41  5:33  Widow Mine  
  41  5:35  Siege Tank  
  40  5:48  SCV  
  41  5:54  Command Center  
  41  6:08  Siege Tank  
  45  6:11  SCV  
  45  6:12  Widow Mine  
  47  6:30  Supply Depot  
  47  6:32  Supply Depot  
  47  6:38  Starport  
  47  6:51  Widow Mine  
  47  6:53  Command Center  
  49  6:58  SCV  
  50  7:15  SCV  
  51  7:17  Medivac  
  53  7:27  SCV  
  53  7:28  Armory  
  54  7:31  Engineering Bay  
  54  7:39  SCV  
  54  7:40  Widow Mine x2  
  53  8:35  Widow Mine x2  
  53  8:37  Thor  
  53  8:39  Orbital Command  
  57  8:43  Missile Turret  
  57  8:44  Missile Turret  
  57  9:15  Missile Turret  
  57  9:16  Hellbat x2  
  61  9:17  Missile Turret  
  61  9:20  Thor, SCV  
  61  9:23  SCV  
  69  9:50  SCV  
  69  9:51  Refinery  
  64  9:53  Refinery  
  64  9:56  SCV  
  57  10:00  Factory  
  57  10:02  Thor, SCV  
  64  10:13  Hellbat x2  
  68  10:14  SCV  
  68  10:15  Orbital Command  
  69  10:26  SCV  
  70  10:35  Hellbat x2  
  74  10:38  SCV  
  81  10:50  SCV  
  82  10:58  Factory Tech Lab  
  85  11:04  Supply Depot  
  85  11:05  Supply Depot  
  85  11:06  Supply Depot  
Show
View Real Time Build Order
Export as new Build Order

Mørtebianca Zerg 

Build Orders: 3 Hatch before Pool, Muta Ling Bane 

Get SALT Encoding   

  12  0:02  Drone  
  13  0:09  Drone  
  14  0:18  Overlord  
  14  0:36  Drone x3  
  17  0:54  Hatchery  
  17  0:56  Drone  
  17  1:18  Hatchery  
  16  1:23  Drone x2  
  18  1:26  Drone  
  19  1:32  Extractor  
  18  1:42  Spawning Pool  
  18  1:44  Drone  
  18  1:50  Drone  
  19  1:56  Drone  
  20  2:05  Drone  
  20  2:07  Drone  
  22  2:16  Overlord  
  22  2:21  Drone  
  23  2:29  Queen  
  23  2:30  Queen  
  23  2:31  Drone  
  23  2:32  Drone  
  23  2:35  Drone  
  30  2:42  Metabolic Boost  
  30  2:44  Drone  
  30  2:46  Drone  
  30  2:49  Drone  
  33  2:51  Drone  
  34  2:59  Drone x2  
  34  3:00  Drone  
  34  3:01  Drone  
  34  3:03  Drone  
  39  3:09  Overlord  
  39  3:11  Overlord  
  39  3:25  Drone  
  39  3:26  Drone x2  
  42  3:28  Drone  
  42  3:30  Extractor  
  42  3:33  Drone  
  43  3:38  Drone x3  
  46  3:42  Drone  
  46  3:43  Drone x2, Extractor  
  46  3:45  Drone x4  
  46  3:46  Overlord  
  52  3:52  Hatchery  
  51  3:56  Zergling x4  
  51  3:58  Zergling x2  
  54  4:07  Zergling x4  
  54  4:08  Zergling x2  
  57  4:12  Zergling x4  
  57  4:13  Zergling x2  
  60  4:21  Zergling x6  
  60  4:39  Overlord x2  
  60  4:40  Overlord  
  60  4:41  Extractor  
  60  4:43  Drone x3  
  60  4:44  Hatchery  
  61  4:48  Extractor  
  61  4:52  Lair  
  59  4:54  Drone  
  59  4:55  Drone x2, Evolution Chamber  
  59  4:57  Evolution Chamber  
  59  4:59  Drone x3  
  63  5:01  Overlord  
  63  5:12  Drone  
  63  5:13  Drone x2  
  61  5:15  Extractor  
  58  5:22  Drone x3  
  58  5:23  Drone x4  
  64  5:30  Overlord x3  
  64  5:32  Overlord x2  
  64  5:33  Zerg Melee Weapons Level 1  
  64  5:34  Zerg Ground Armor Level 1  
  64  5:52  Spire  
  64  5:53  Spire  
  64  5:54  Drone  
  63  6:00  Zergling x2  
  63  6:01  Zergling x24  
  76  6:12  Infestation Pit  
  76  6:15  Queen  
  76  6:17  Overlord  
  77  6:23  Baneling Nest  
  76  6:38  Overlord x2  
  76  6:39  Overlord x2  
  76  6:41  Pneumatized Carapace  
  76  6:51  Queen  
  78  7:08  Zerg Flyer Armor Level 1, Mutalisk, Zerg Flyer Weapons Level 1  
  78  7:09  Mutalisk x7  
  78  7:10  Mutalisk, Hatchery  
  95  7:17  Mutalisk  
  95  7:18  Overlord x3  
  95  7:19  Overlord  
  95  7:22  Hatchery  
  96  7:25  Centrifical Hooks  
  96  7:35  Zerg Melee Weapons Level 2  
  96  7:57  Mutalisk x3  
  102  8:00  Hatchery, Zergling x2  
  102  8:01  Zergling x32  
  102  8:02  Zergling x10  
  119  8:18  Mutalisk x2  
  119  8:19  Mutalisk x2  
  115  8:28  Mutalisk  
  115  8:33  Roach Warren  
  108  8:38  Drone x4  
  108  8:40  Overseer x4  
  112  8:43  Overseer  
  112  8:52  Evolution Chamber  
  112  8:53  Mutalisk x2  
  64  9:11  Mutalisk x3  
  70  9:17  Mutalisk  
  70  9:23  Mutalisk  
  74  9:30  Mutalisk  
  76  9:31  Zergling x2  
  76  9:32  Zergling x22  
  76  9:33  Zergling x12  
  94  9:40  Mutalisk  
  94  9:41  Mutalisk  
  96  9:47  Extractor  
  96  9:48  Extractor  
  96  9:51  Mutalisk  
  88  9:55  Roach  
  88  9:56  Roach x11  
  110  10:04  Roach  
  110  10:05  Roach  
  97  10:11  Roach x5  
  97  10:12  Roach, Hydralisk Den  
  108  10:16  Mutalisk x3  
  108  10:20  Baneling x2  
  108  10:21  Baneling x2  
  114  10:22  Zergling x2  
  114  10:23  Zergling x10  
Show
View Real Time Build Order
Export as new Build Order

Space Terran 

Build Orders: Reaper Expand, MMM Bio 

Get SALT Encoding   

  12  0:01  SCV  
  13  0:13  SCV  
  14  0:18  Supply Depot  
  14  0:25  SCV  
  15  0:41  Barracks  
  15  0:43  Refinery  
  15  0:44  SCV  
  16  0:57  SCV  
  17  1:09  SCV  
  18  1:28  Orbital Command  
  18  1:29  Marine  
  19  1:47  Reaper  
  19  1:54  Command Center, SCV  
  20  1:59  Supply Depot  
  21  2:12  SCV  
  22  2:21  Barracks Reactor  
  22  2:24  SCV  
  22  2:25  Factory  
  23  2:36  SCV  
  24  2:48  SCV  
  24  3:00  Marine  
  24  3:01  Marine, SCV  
  27  3:10  Supply Depot  
  27  3:13  SCV  
  27  3:14  Orbital Command  
  27  3:19  Bunker  
  28  3:21  Supply Depot  
  28  3:23  Widow Mine  
  28  3:24  Starport, Marine x2  
  28  3:25  SCV  
  33  3:28  Refinery  
  33  3:37  SCV  
  32  3:42  SCV  
  32  3:46  Marine x2  
  31  3:49  SCV  
  31  3:52  Widow Mine  
  33  4:02  Medivac  
  34  4:04  Marine x2  
  34  4:08  Barracks  
  34  4:09  Barracks  
  36  4:21  Widow Mine  
  36  4:22  Marine x2  
  39  4:27  Bunker  
  39  4:33  Medivac  
  40  4:40  Marine  
  40  4:44  SCV x2  
  37  4:56  SCV x2  
  39  5:00  Barracks Tech Lab x2  
  39  5:04  Factory Reactor, Starport Reactor  
  39  5:08  SCV x2  
  41  5:20  SCV x2  
  41  5:32  SCV  
  40  5:45  Marine x2  
  40  5:46  Combat Shields  
  40  5:47  Stimpack  
  40  5:48  SCV  
  36  5:50  Refinery  
  36  5:51  Refinery  
  36  5:55  Command Center  
  36  5:56  Barracks  
  34  5:57  Engineering Bay, Barracks  
  34  5:58  Marine x2  
  34  6:00  Widow Mine  
  34  6:03  Marine x2  
  40  6:11  SCV x2  
  40  6:16  Marine x2  
  44  6:20  Marine  
  44  6:21  Marine  
  44  6:23  SCV  
  44  6:24  Terran Infantry Weapons Level 1  
  44  6:25  SCV  
  46  6:35  Widow Mine, SCV, Medivac  
  46  6:37  SCV  
  46  6:38  Marine  
  53  6:42  Supply Depot  
  53  6:46  Supply Depot  
  53  6:48  SCV  
  54  6:58  Barracks Reactor  
  54  7:03  Barracks Tech Lab  
  54  7:04  Marauder, Marine x3, SCV x2  
  61  7:11  Supply Depot  
  61  7:14  Supply Depot  
  61  7:16  SCV x2  
  61  7:18  Orbital Command  
  63  7:25  Medivac  
  63  7:27  Medivac  
  67  7:31  Widow Mine  
  67  7:32  Widow Mine  
  67  7:35  SCV x2  
  73  7:41  Marine  
  73  7:42  Marauder, Marine  
  77  7:49  Orbital Command  
  77  7:52  Marine x2  
  77  7:57  SCV x2  
  80  8:01  Engineering Bay  
  80  8:07  Barracks  
  80  8:08  Barracks  
  80  8:10  Concussive Shells  
  80  8:14  Barracks  
  80  8:17  Marine x2  
  80  8:18  Marauder, Marine x3  
  80  8:19  Terran Infantry Armor Level 1  
  81  8:29  Marine  
  78  8:35  Marine x3  
  78  8:36  Marauder  
  70  8:45  Marine  
  70  8:46  Marauder  
  70  8:47  Marauder  
  63  8:58  Marauder  
  52  9:03  Marine x2  
  52  9:06  Marine  
  52  9:07  Barracks Reactor, Marauder  
  52  9:08  Barracks Reactor  
  52  9:09  Marauder, Barracks Tech Lab  
  58  9:11  Marine  
  54  9:19  Marauder  
  54  9:20  Marine  
  54  9:21  Marine  
  56  9:27  Marine  
  56  9:28  Marauder  
  56  9:29  Marine  
  56  9:30  Marauder  
  54  9:39  Marine  
  57  9:47  Marine  
  57  9:51  Marine  
Show
View Real Time Build Order
Export as new Build Order

Jhyrachy Zerg 

Build Orders: Hatch First 

Get SALT Encoding   

  12  0:02  Drone  
  13  0:11  Drone  
  14  0:19  Overlord  
  14  0:37  Drone x2  
  14  0:38  Drone  
  17  0:56  Drone  
  18  1:04  Hatchery, Drone  
  19  1:07  Extractor  
  19  1:10  Drone  
  18  1:20  Spawning Pool  
  18  1:21  Drone  
  18  1:36  Drone  
  19  1:42  Overlord  
  19  2:00  Drone  
  20  2:10  Queen  
  22  2:17  Queen  
  22  2:18  Drone  
  25  2:41  Roach Warren  
  25  2:42  Drone  
  25  3:06  Extractor, Drone x3  
  27  3:17  Drone x3  
  30  3:22  Hatchery  
  30  3:26  Drone  
  30  3:38  Roach  
  30  3:39  Roach x2  
  30  3:40  Overlord x2  
  36  4:01  Roach  
  36  4:02  Roach x7  
  52  4:16  Queen  
  46  4:20  Roach x3  
  33  4:31  Drone  
  34  5:03  Queen  
  14  5:59  Drone x4  
  14  6:00  Drone  
  17  6:28  Drone x3  
  20  7:00  Drone x2  
  20  7:01  Drone  
  23  7:03  Drone  
  23  7:07  Drone x4  
  23  7:08  Drone x2  
  30  7:20  Drone x3  
  33  7:36  Extractor, Drone  
  33  7:37  Drone x2  
  33  7:38  Drone  
  36  7:55  Extractor  
  36  7:58  Drone x3  
  38  8:07  Drone x4  
  38  8:11  Overlord x2  
  42  8:31  Queen  
  42  8:32  Hatchery  
  43  8:34  Drone x2  
  43  8:35  Drone  
  43  8:37  Drone  
  43  8:38  Drone x2  
  49  8:41  Lair  
  49  8:46  Drone x2  
  51  8:49  Drone x3  
  51  8:51  Drone x3  
  51  8:52  Drone  
  51  8:55  Overlord x2  
  58  9:18  Roach x6  
  58  9:19  Roach x2  
  58  9:21  Overlord x2  
  54  9:46  Spine Crawler  
  54  9:47  Spore Crawler  
  54  9:50  Spine Crawler  
  54  9:51  Roach  
  54  9:52  Roach x3  
  59  9:57  Roach x3  
  61  10:31  Roach  
  61  10:32  Roach x9  
  61  10:35  Overlord x2  
Tags
 
Add a new tag
Caveats
  • Supply blocks, unpowered buildings, or Contaminate may cause inaccurate times.
  • Supply counts are checked every 10 seconds.